 Dungeon Crawl Stone Soup version 0.25.1-8-g42b30a86e7 (webtiles) character file.

Game seed: 15249386733033880508

39 faxtax the Conjurer (level 3, -7/20 HPs)
             Began as a Deep Elf Conjurer on Dec 21, 2020.
             Was a Plaything of Xom.
             Mangled by Blork the orc
             ... wielding a +0 hand axe
              (11 damage)
             ... on level 4 of the Dungeon.
             The game lasted 00:11:34 (721 turns).

faxtax the Conjurer (Deep Elf Conjurer)              Turns: 721, Time: 00:11:40

Health: -7/20      AC:  2    Str:  5    XL:     3   Next: 28%
Magic:  7/9        EV: 13    Int: 20    God:    Xom [..*...]
Gold:   28         SH:  0    Dex: 15    Spells: 7/8 levels left

rFire    . . .     SeeInvis .   b - +0 club
rCold    . . .     Gourm    .   (no shield)
rNeg     . . .     Faith    .   a - +0 robe
rPois    .         Spirit   .   (no helmet)
rElec    .         Reflect  .   (no cloak)
rCorr    .         Harm     .   (no gloves)
MR       .....     Rnd*Rage +   (no boots)
Stlth    ++........             (no amulet)
HPRegen  0.06/turn              (no ring)
MPRegen  0.11/turn              (no ring)

@: no status effects
A: hooves 1, berserk 1
a: Renounce Religion


You were on level 4 of the Dungeon.
You worshipped Xom.
You were a toy of Xom.
You were not hungry.

You visited 1 branch of the dungeon, and saw 4 of its levels.

You collected 28 gold pieces.

Inventory:

Hand Weapons
 b - a +0 club (weapon)
 e - a +0 hunting sling
Missiles
 d - 12 arrows
 f - 18 sling bullets
 h - 53 stones (quivered)
Armour
 a - a +0 robe (worn)
Scrolls
 g - 2 scrolls of identify {unknown}
 k - 3 scrolls of random uselessness {unknown}
 m - a scroll of remove curse {unknown}
Potions
 j - a potion of heal wounds
Comestibles
 c - 3 rations
 i - 3 chunks of flesh


   Skills:
 - Level 0.3 Fighting
 + Level 1.2 Slings
 * Level 2.6 Dodging
 * Level 2.5 Stealth
 * Level 3.1 Spellcasting
 + Level 4.9 Conjurations


You had 7 spell levels left.
You knew the following spells:

 Your Spells              Type           Power        Failure   Level  Hunger
a - Magic Dart            Conj           ###.         1%          1    None

Your spell library contained the following spells:

 Spells                   Type           Power        Failure   Level  Hunger
 Searing Ray              Conj           ###...       2%          2    ##.....
 Dazzling Flash           Conj/Hex       ##....       16%         3    ###....
 Fulminant Prism          Conj/Hex       ##........   45%         4    ####...
 Iskenderun's Mystic Bla  Conj/Tloc      ##......     45%         4    ####...


Dungeon Overview and Level Annotations

Branches:
Dungeon (4/15)
 Temple: D:4-7

Altars:
Xom

Annotations:
D:4 Blork the orc


Innate Abilities, Weirdness & Mutations

You have large cloven feet.
You tend to lose your temper in combat.


Message History

Blork the orc is heavily wounded.
b - a +0 club (weapon)
Blork the orc misses you.
You closely miss Blork the orc.
Blork the orc is heavily wounded.
Blork the orc begins to cast a cantrip, but forgets the words!
You hit Blork the orc but do no damage. Your kick misses Blork the orc.
Blork the orc is heavily wounded.
Blork the orc hits you but does no damage.
You closely miss Blork the orc.
Blork the orc is heavily wounded.
Blork the orc barely misses you.
You hit Blork the orc. Your kick misses Blork the orc.
Blork the orc is heavily wounded.
Blork the orc hits you with a +0 hand axe.
* * * LOW HITPOINT WARNING * * *
Blork the orc hits you with a +0 hand axe!
Ouch! That really hurt!
You die...
Xom chortles!

.. ## ### ..# #
#.#$# .. ##.#. ..
#.# ... .. .. #.#
######o###.... ..
... #.....@.......
#.####.####.###.###
#.. ...# #.#
######.# #..# #.#
.....#.###..# #.#
............####.###
######.##..........#
#.##..#########
#.....##


You could see Blork the orc.

Vanquished Creatures
  2 adders
  An ooze (D:2)
  A leopard gecko (D:3)
  A ball python (D:2)
  2 bats
  2 giant cockroaches (D:2)
  4 jackals
  A frilled lizard (D:1)
  3 rats
17 creatures vanquished.

Vanquished Creatures (others)
  5 dream sheep (D:4)
5 creatures vanquished.

Grand Total: 22 creatures vanquished

Notes
Turn   | Place    | Note
-------+----------+-------------------------------------------
     0 | D:1      | faxtax the Deep Elf Conjurer began the quest for the Orb.
     0 | D:1      | Reached XP level 1. HP: 10/10 MP: 6/6
   348 | D:2      | Reached XP level 2. HP: 15/15 MP: 6/8
   501 | D:2      | Reached skill level 1 in Slings
   501 | D:2      | Reached XP level 3. HP: 7/20 MP: 5/9
   502 | D:2      | Gained mutation: You tend to lose your temper in combat.
                  | [potion of mutation]
   502 | D:2      | Gained mutation: You have large cloven feet. [potion of
                  | mutation]
   610 | D:4      | Noticed a dream sheep
   610 | D:4      | Noticed a dream sheep
   610 | D:4      | Noticed a dream sheep
   610 | D:4      | Noticed a dream sheep
   610 | D:4      | Noticed a dream sheep
   610 | D:4      | Found a shimmering altar of Xom.
   614 | D:4      | Killed a dream sheep
   614 | D:4      | Killed a dream sheep
   615 | D:4      | Killed a dream sheep
   616 | D:4      | Killed a dream sheep
   616 | D:4      | Killed a dream sheep
   640 | D:4      | Became a worshipper of Xom of Bone-Dry Humour
   713 | D:4      | Noticed Blork the orc
   721 | D:4      | Mangled by Blork the orc

Illustrated notes

Levels and vault maps discovered:
D:1:      dpeg_arrival_circle_labyrinth_a, layout_basic,
          chequers_serial_rivers_small_3, minmay_misc_feat_nine_boxes
D:2:      layout_basic, first_ration
D:3:      layout_loops_ring, hangedman_feature_mirror
D:4:      layout_basic, kb_xom_exploding_sheep, uniq_sigmund, uniq_blork_the_orc

Skill      XL: |  1  2 |
---------------+-------+-----
Slings         | 1 |  1.2
Fighting       | |  0.3
Dodging        | |  2.6
Stealth        | |  2.5
Spellcasting   | |  3.1
Conjurations   | |  4.9

Action                   || total
-------------------------++-------
Melee: Hunting sling     ||     1
       Club              ||    10
       Kick              ||     2
 Fire: Hunting sling     ||    30
 Cast: Magic Dart        ||    23
  Use: Potion            ||     3
Armor: Robe              ||     5
Dodge: Dodged            ||    20
